 Dungeon Crawl Stone Soup version 0.25.0-9-g26727b657a (webtiles) character file.

Game seed: 13262744093696235429

224001 tilp the Executioner (level 18, -7/163 HPs)
             Began as a Minotaur Berserker on June 19, 2020.
             Was a High Priest of Trog.
             Hit by a javelin thrown by a merfolk javelineer (21 damage)
             ... on level 4 of the Shoals.
             The game lasted 01:20:09 (37410 turns).

tilp the Executioner (Minotaur Berserker)          Turns: 37410, Time: 01:20:09

Health: -7/163     AC: 27    Str: 30    XL:     18   Next: 57%
Magic:  26/26      EV: 15    Int:  4    God:    Trog [*****.]
Gold:   1534       SH: 17    Dex: 12    Spells: 17/17 levels left

rFire    . . .     SeeInvis +   a - +6 broad axe (flame)
rCold    + . .     Gourm    .   y - +0 kite shield
rNeg     + + .     Faith    .   J - +5 pearl dragon scales
rPois    +         Spirit   .   (helmet restricted)
rElec    .         Reflect  +   e - +0 cloak of the Wary Wonders {Slay+3} (curse)
rCorr    .         Harm     .   P - +0 pair of gloves
MR       +....                  x - +2 pair of boots
Stlth    ..........             T - amulet of reflection
HPRegen  0.37/turn              g - ring of Jaovep {rPois rC+ rN+ Str+4 Dex-2}
MPRegen  0.20/turn              i - ring of see invisible

@: lethally poisoned (-7 -> -12), berserk cooldown, slowed, very slow
A: retaliatory headbutt, horns 2
}: 1/15 runes: gossamer
a: Berserk, Trog's Hand, Brothers in Arms, Renounce Religion


You were on level 4 of the Shoals.
You worshipped Trog.
Trog was extremely pleased with you.
You were very hungry.

You visited 6 branches of the dungeon, and saw 32 of its levels.
You visited 1 bazaar.
You also visited: Ice Cave.

You collected 4119 gold pieces.
You spent 2585 gold pieces at shops.

Inventory:

Hand Weapons
 a - a +6 broad axe of flaming (weapon)
 z - the +4 great mace "Fuiluewk" {antimagic, rF+ MR+ Str+4}
   (You took it off a two-headed ogre on level 7 of the Dungeon)

   It reduces the magical energy of the wielder, and disrupts the spells and
   magical abilities of those hit.
   Natural abilities and divine invocations are not affected.
   It affects your strength (+4).
   It protects you from fire.
   It affects your resistance to hostile enchantments.
 F - a +3 executioner's axe of electrocution
Missiles
 o - 84 boomerangs (quivered)
 q - 6 throwing nets {!f}
 I - 15 silver javelins
 Y - 4 silver boomerangs
 Z - 4 javelins
Armour
 e - the cursed +0 cloak of the Wary Wonders (worn) {Slay+3}
   (You bought it in a shop on level 2 of the Orcish Mines)

   It affects your accuracy and damage with ranged weapons and melee attacks
   (+3).
   It has a curse placed upon it.
 x - a +2 pair of boots (worn)
 y - a +0 kite shield (worn)
 J - +5 pearl dragon scales (worn)
 N - a scarf of invisibility
 P - a +0 pair of gloves (worn)
Jewellery
 g - the ring of Jaovep (left hand) {rPois rC+ rN+ Str+4 Dex-2}
   (You found it on level 4 of the Shoals)

   [ring of positive energy]

   It affects your strength (+4).
   It affects your dexterity (-2).
   It protects you from cold.
   It protects you from poison.
   It protects you from negative energy.
 i - a ring of see invisible (right hand)
 C - an uncursed ring of resist corrosion
 G - an uncursed ring of protection from fire
 L - an uncursed amulet of guardian spirit
 O - the amulet of the Four Winds {rN+ MR+++ Clar}
   (You bought it in a shop on level 4 of the Shoals)

   [amulet of nothing]

   It protects you from negative energy.
   It affects your resistance to hostile enchantments.
   It protects you against confusion.
 T - an amulet of reflection (around neck)
Wands
 d - a wand of disintegration (26)
 k - a wand of clouds (6)
 E - a wand of acid (8)
 K - a wand of paralysis (7)
 Q - a wand of iceblast (20)
 S - a wand of digging (5)
 U - a wand of enslavement (9)
Scrolls
 h - a scroll of magic mapping
 l - 9 scrolls of teleportation
 n - 6 scrolls of fog
 s - 7 scrolls of identify
 t - 6 scrolls of remove curse
 D - 6 scrolls of blinking
 M - 7 scrolls of fear
 R - a scroll of silence
 V - 3 scrolls of brand weapon
Potions
 b - 7 potions of flight
 j - 4 potions of resistance
 p - 2 potions of cancellation
 u - 6 potions of might
 v - 3 potions of haste
 w - 2 potions of invisibility
 A - 7 potions of heal wounds
 B - 14 potions of curing
 H - 3 potions of ambrosia
 X - 3 potions of mutation
Miscellaneous
 f - a box of beasts
 m - a phial of floods
 r - a tin of tremorstones (3/3)
Comestibles
 c - 61 rations
 W - 7 chunks of flesh


   Skills:
 - Level 15.0 Fighting
 + Level 23.6 Axes
 - Level 12.0 Throwing
 - Level 12.0 Armour
 - Level 12.0 Dodging
 - Level 8.0 Shields
 - Level 12.0 Evocations


You had 17 spell levels left.
You didn't know any spells.
Your spell library was empty.

Dungeon Overview and Level Annotations

Branches:
Dungeon (15/15)            Temple (1/1) D:4            Lair (6/6) D:10
 Shoals (4/4) Lair:2       Spider (4/4) Lair:2        Slime (0/5) Lair:6
    Orc (2/2) D:11            Elf (0/3) Orc:2        Vaults (0/5) D:14
 Depths (0/5) D:15          IceCv (visited)

Altars:
Ashenzari
Cheibriados
Dithmenos
Elyvilon
Fedhas
Gozag
Hepliaklqana
Kikubaaqudgha
Makhleb
Nemelex Xobeh
Okawaru
Qazlal
Ru
Sif Muna
Trog
Uskayaw
Vehumet
Wu Jian
Xom
Yredelemnul
Zin
The Shining One
Beogh

Shops:
D:4 =   Orc:2 *?[!   Shoals:2 =   Shoals:4 =

Annotations:
D:11 2 transporters, Skimidon's ghost, journeyman MiGl
Lair:6 exclusion: 3 oklob plants


Innate Abilities, Weirdness & Mutations

You reflexively headbutt those who attack you in melee.
You have a pair of horns on your head.


Message History

The merfolk javelineer throws a javelin.
The javelin pierces through you!
* * * LOW HITPOINT WARNING * * *
You slash the merfolk javelineer! You burn the merfolk javelineer.
The merfolk javelineer is severely wounded.
You hit the sea snake but do no damage.
You feel sick.
Your troll bites the merfolk javelineer!
Your troll claws the merfolk javelineer!
Your troll claws the merfolk javelineer.
The merfolk impaler hits you from afar with a +4 trident of venom.
* * * LOW HITPOINT WARNING * * *
You block the sea snake's attack.
The merfolk impaler hits you but does no damage.
You are more poisoned.
Your troll barely misses the merfolk javelineer.
Your troll misses the merfolk javelineer.
Your troll completely misses the merfolk javelineer.
The merfolk javelineer throws a javelin.
The javelin pierces through you!!
You die...

≈≈≈≈≈...≈≈≈≈≈≈#...).#...≈≈≈≈≈≈≈≈≈
≈≈≈≈.###...≈≈≈#..((!'...((≈≈≈≈≈≈≈
≈≈≈...##(.≈≈≈≈#.....#.....≈≈≈≈≈≈≈
#)†..##.(≈≈≈≈##...##......≈≈≈≈≈≈
##.......≈≈≈≈≈#####..........≈≈≈
#........≈≈≈≈≈...............≈≈
##).<≈≈..≈≈≈≈≈<.#####.........≈
...).≈≈≈≈≈≈≈≈..##k..##≈≈......≈
....≈≈≈≈≈≈≈≈≈).#@m...#≈≈≈.....≈
..≈≈≈≈≈≈≈(≈≈≈..)TSφ..#≈≈≈..≈≈≈≈
.≈P≈≈≈≈≈≈≈≈≈≈≈.#)m...#≈≈≈≈≈≈≈≈≈
≈≈≈≈≈≈≈≈≈≈≈≈≈≈≈##...##≈≈≈≈≈≈≈≈≈
≈≈≈≈≈≈≈≈≈≈≈≈≈≈≈≈#####
≈P≈≈≈≈≈≈≈≈≈≈≈≈≈≈≈≈
PP≈≈≈≈≈≈≈≈≈≈≈≈≈≈≈≈
≈≈≈≈≈≈≈≈≈≈≈≈≈≈≈≈≈ PP≈≈≈≈≈≈≈≈≈≈≈≈≈


You could see a merfolk impaler, a merfolk javelineer, a sea snake, a wind drake
(repels missiles) and a friendly troll (summoned, berserk).

Vanquished Creatures
  Bai Suzhen (Shoals:3)
  Rupert (Lair:3)
  An Ice Fiend (IceCv)
  Frances (Spider:2)
  Kirke (Shoals:1)
  Ilsuiw (Shoals:2)
  3 ghost moths
  5 emperor scorpions
  The ghost of LohmatiyShmel the Martial Artist, a journeyman GnTm of Cheibriados (Lair:4)
  3 entropy weavers
  Nessos (Orc:2)
  3 spark wasps
  An ettin (D:15)
  4 merfolk javelineers
  6 merfolk impalers
  A fire dragon (Lair:6)
  An ice dragon (Lair:5)
  8 vault guards (D:14)
  5 hydras
  2 merfolk aquamancers (Shoals:4)
  A catoblepas (Shoals:2)
  3 ogre magi
  6 merfolk avatars
  2 centaur warriors
  15 two-headed ogres
  A queen ant (D:13)
  A tengu warrior (D:15)
  5 death yaks
  Urug (Orc:1)
  Nergalle (D:12)
  The ghost of Rayvis the Cleaver, a novice MiFi of Makhleb (D:8)
  The ghost of p0werm0de the Chopper, a novice DDFi of Makhleb (D:7)
  2 unseen horrors
  2 deep trolls (Orc:2)
  6 sea snakes
  10 harpies
  An obsidian statue (Shoals:1)
  3 orc knights
  A wolf spider zombie (D:15)
  11 orb spiders
  3 fauns
  2 lindwurms (Lair:6)
  Pikel (D:5)
  5 slime creatures
  23 wolf spiders
  An orc sorcerer (Orc:1)
  A deep elf mage (D:15)
  11 ugly things
  9 cyclopes
  9 manticores
  2 moths of wrath (Spider:4)
  9 merfolk sirens
  9 elephants
  6 ice statues
  A guardian serpent (shapeshifter) (D:10)
  6 black mambas
  2 water nymphs (Shoals:3)
  4 molten gargoyles (D:15)
  6 gargoyles
  7 torpor snails
  2 centaur skeletons
  Maggie (D:6)
  7 spiny frogs
  A komodo dragon (shapeshifter) (D:15)
  3 komodo dragons
  5 yaktaurs (D:11)
  5 rime drakes
  An efreet (D:15)
  24 demonic crawlers
  11 ice devils (IceCv)
  2 anaconda simulacra (IceCv)
  A meliai (shapeshifter) (D:15)
  3 meliai (D:13)
  29 jumping spiders
  Prince Ribbit (D:4)
  10 polar bears
  A tengu conjurer (D:13)
  16 hornets
  18 merfolk
  9 trolls
  2 wind drakes (Shoals:1)
  4 tyrant leeches (Lair:6)
  Grinder (D:5)
  16 dream sheep
  A harpy skeleton (D:11)
  20 hippogriffs
  17 blink frogs
  5 snapping turtles
  2 raiju (Lair:6)
  73 redbacks
  2 shadows
  A centaur simulacrum (D:15)
  42 yaks
  3 wraiths
  37 tarantellas
  5 wyverns
  2 dire elephant simulacra (IceCv)
  5 water elementals
  A vampire (D:13)
  2 hogs (Shoals:1)
  A human (shapeshifter) (D:10)
  2 steam dragons
  2 basilisks
  A hungry ghost (D:15)
  13 wargs
  8 vampire mosquitoes
  A redback simulacrum (D:10)
  Menkaure (D:5)
  3 hydra simulacra (IceCv)
  3 iron troll simulacra (IceCv)
  Duvessa (D:4)
  The ghost of protoss039 the Digger, an amateur DEEE (D:3)
  5 water moccasins
  15 hell hounds (Lair:6)
  25 soldier ants
  9 porcupines
  A swamp drake (D:11)
  30 orc warriors
  An eye of draining (D:13)
  4 ice beasts
  5 phantoms
  A sky beast (D:11)
  36 ogres
  13 black bears
  27 wolves
  7 centaurs
  15 crocodiles
  7 big kobolds
  21 bullfrogs
  A wyvern skeleton (D:10)
  7 scorpions
  Dowan (D:4)
  A killer bee (D:10)
  4 howler monkeys
  6 wights
  3 electric eels
  8 crimson imps
  A bullfrog zombie (D:8)
  A lava snake (D:15)
  8 hounds
  7 jellies
  17 orc priests
  2 bullfrog skeletons (D:13)
  5 iguanas
  2 hell rats (Lair:4)
  23 worker ants
  25 orc wizards
  Ijyb (D:4)
  A hound zombie (D:7)
  A howler monkey zombie (D:9)
  A howler monkey skeleton (D:6)
  8 adders
  6 gnolls (D:7)
  14 river rats
  3 shadow imps
  4 white imps
  A howler monkey simulacrum (D:8)
  2 worker ant simulacra
  10 oozes
  An adder zombie (D:10)
  An adder skeleton (D:5)
  3 worms
  5 leopard geckos
  94 orcs
  A ball python (D:2)
  4 giant cockroaches
  13 goblins
  5 hobgoblins
  15 jackals
  5 quokkas
  14 bats
  A frilled lizard (D:2)
  13 kobolds
  A quokka simulacrum (D:8)
  A quokka zombie (D:9)
  12 rats
  3 fungi
  12 plants
  A tentacle (Shoals:3)
1270 creatures vanquished.

Vanquished Creatures (collateral kills)
  Nikola (Shoals:2)
  Jorgrun (Shoals:1)
  Polyphemus (Shoals:2)
  An emperor scorpion (Spider:2)
  A hydra (Lair:5)
  A merfolk aquamancer (Shoals:2)
  3 death yaks (D:10)
  A sea snake (Shoals:1)
  An orb spider (Spider:2)
  A wolf spider (Lair:2)
  An orc knight (D:11)
  A manticore (Shoals:1)
  3 jumping spiders (Spider:2)
  2 merfolk
  A blink frog (Lair:5)
  A snapping turtle (Shoals:1)
  A redback (Spider:2)
  A tarantella (Spider:2)
  2 hogs (Shoals:1)
  3 orc warriors (D:11)
  An ogre (D:11)
  A bullfrog (Lair:5)
  A river rat (D:10)
  4 orcs (D:11)
35 creatures vanquished.

Vanquished Creatures (others)
  A blink frog (Lair:5)
  A slave (D:5)
  An orc priest (D:5)
  An orc (D:5)
  A frilled lizard (D:5)
  13 fungi
  34 plants
  4 tentacles (Shoals:3)
  5 toadstools (D:6)
61 creatures vanquished.

Grand Total: 1366 creatures vanquished

Notes
Turn   | Place    | Note
-------+----------+-------------------------------------------
     0 | D:1      | tilp the Minotaur Berserker began the quest for the Orb.
     0 | D:1      | Reached XP level 1. HP: 19/19 MP: 0/0
    18 | D:1      | Reached skill level 4 in Axes
   140 | D:1      | Reached XP level 2. HP: 26/26 MP: 1/1
   418 | D:1      | You fall into a shaft and drop 1 floor!
   438 | D:2      | Reached skill level 5 in Axes
   726 | D:1      | Reached XP level 3. HP: 31/31 MP: 2/2
   771 | D:1      | Reached ** piety under Trog
  1280 | D:2      | Reached skill level 6 in Axes
  1280 | D:2      | Reached XP level 4. HP: 39/39 MP: 3/3
  1423 | D:2      | Found a hide-covered altar of Uskayaw.
  1696 | D:2      | Found a shadowy altar of Dithmenos.
  2037 | D:3      | Found a large runed translucent door.
  2037 | D:3      | Found a large runed translucent door.
  2038 | D:3      | Noticed protoss039's ghost (amateur DEEE)
  2349 | D:3      | Found a shimmering altar of Xom.
  2357 | D:3      | Reached skill level 7 in Axes
  2357 | D:3      | Reached XP level 5. HP: 45/45 MP: 4/4
  2358 | D:3      | Found a burning altar of Makhleb.
  2858 | D:4      | Found Neachez's Jewellery Boutique.
  2863 | D:4      | Bought an uncursed ring of see invisible for 180 gold
                  | pieces
  2961 | D:4      | Noticed Ijyb
  2974 | D:4      | Killed Ijyb
  2974 | D:4      | Noticed Duvessa
  2981 | D:4      | Noticed Dowan
  3085 | D:4      | Killed Dowan
  3085 | D:4      | Reached skill level 8 in Axes
  3085 | D:4      | Reached XP level 6. HP: 51/51 MP: 5/5
  3175 | D:4      | Found a staircase to the Ecumenical Temple.
  3225 | D:4      | Found a bloodstained altar of Trog.
  3431 | D:4      | Found a blossoming altar of Fedhas.
  3573 | D:4      | Killed Duvessa
  3573 | D:4      | Reached skill level 9 in Axes
  3630 | Temple   | Entered the Ecumenical Temple
  3795 | D:5      | Entered Level 5 of the Dungeon
  3802 | D:5      | Noticed Prince Ribbit
  3804 | D:5      | Noticed Pikel
  3804 | D:5      | Noticed a slave
  3804 | D:5      | Noticed a slave
  3817 | D:5      | Noticed a slave
  3834 | D:4      | Killed Prince Ribbit
  3834 | D:4      | Reached skill level 10 in Axes
  3834 | D:4      | Reached XP level 7. HP: 42/57 MP: 6/6
  3852 | D:5      | Killed Pikel
  3852 | D:5      | Reached skill level 11 in Axes
  3852 | D:5      | Reached XP level 8. HP: 64/64 MP: 7/7
  4040 | D:5      | Noticed Menkaure
  4049 | D:5      | Killed Menkaure
  4049 | D:5      | Reached skill level 12 in Axes
  4477 | D:5      | Noticed Grinder
  4479 | D:5      | Paralysed by Grinder for 6 turns
  4487 | D:5      | Killed Grinder
  4487 | D:5      | Reached skill level 13 in Axes
  4638 | D:5      | Reached *** piety under Trog
  4830 | D:4      | Bought a cursed amulet of inaccuracy for 24 gold pieces
  5190 | D:6      | Reached XP level 9. HP: 68/70 MP: 8/8
  5231 | D:6      | HP: 4/105 [large slime creature (8)]
  5232 | D:6      | Killed a large slime creature
  5232 | D:6      | Reached skill level 14 in Axes
  5880 | D:6      | Reached skill level 15 in Axes
  6098 | D:6      | Noticed Maggie
  6118 | D:6      | Killed Maggie
  6488 | D:7      | Reached **** piety under Trog
  6489 | D:7      | Reached skill level 16 in Axes
  6636 | D:7      | Reached skill level 1 in Shields
  6737 | D:7      | Reached XP level 10. HP: 78/79 MP: 9/9
  6748 | D:7      | Found a transporter.
  6748 | D:7      | Found a transporter.
  6749 | D:7      | Noticed p0werm0de's ghost (novice DDFi)
  6754 | D:7      | Identified the +4 great mace "Fuiluewk" {antimagic, rF+ MR+
                  | Str+4}
  6754 | D:7      | Noticed a two-headed ogre
  6818 | D:7      | Found an ancient bone altar of Kikubaaqudgha.
  7007 | D:7      | Reached skill level 1 in Evocations
  7226 | D:8      | Noticed Rayvis's ghost (novice MiFi)
  7251 | D:8      | Found a runed translucent gate.
  7251 | D:8      | Found a runed translucent gate.
  7251 | D:8      | Found a runed translucent gate.
  7806 | D:9      | Reached skill level 5 in Fighting
  8451 | D:9      | Reached ***** piety under Trog
  8579 | D:10     | Entered Level 10 of the Dungeon
  8766 | D:10     | Noticed a gargoyle
  8770 | D:10     | Killed a gargoyle
  9223 | D:10     | Reached skill level 5 in Armour
  9381 | D:10     | Noticed a death yak
  9391 | D:10     | Noticed a death yak
  9412 | D:10     | Killed a death yak
  9470 | D:10     | Found a staircase to the Lair.
  9475 | D:10     | Reached XP level 11. HP: 84/93 MP: 12/12
  9482 | D:10     | Noticed a death yak
  9489 | D:10     | Killed a death yak
  9492 | D:10     | Killed a death yak
  9492 | D:10     | Reached skill level 5 in Dodging
  9911 | D:10     | Found a runed translucent door.
  9912 | D:10     | Noticed an unseen horror
  9912 | D:10     | a guardian serpent changed into an unseen horror
  9916 | D:10     | an unseen horror changed into a guardian serpent
  9923 | D:10     | Reached skill level 5 in Shields
  9977 | D:10     | Noticed a two-headed ogre
  9980 | D:10     | Reached skill level 1 in Throwing
  9991 | D:10     | Noticed a mana viper
  9991 | D:10     | a redback changed into a mana viper
 10014 | D:10     | a mana viper changed into a wind drake
 10048 | D:10     | Got a dazzling leather armour
 10053 | D:10     | Got a glimmering rapier
 10077 | D:10     | Killed a two-headed ogre
 10234 | D:11     | Found a transporter.
 10234 | D:11     | Noticed a deep elf high priest
 10240 | D:11     | Found a transporter.
 10246 | D:11     | Noticed Skimidon's ghost (journeyman MiGl)
 10370 | D:11     | Reached skill level 5 in Throwing
 10521 | D:11     | Noticed an unseen horror
 10560 | D:11     | Killed an unseen horror
 10972 | D:11     | Noticed an orc knight
 10980 | D:11     | Killed an orc knight
 11177 | D:11     | Noticed a two-headed ogre
 11186 | D:11     | Received a gift from Trog
 11186 | D:11     | Reached XP level 12. HP: 92/101 MP: 14/14
 11193 | D:11     | Killed a two-headed ogre
 11261 | D:11     | Found a staircase to the Orcish Mines.
 11927 | D:10     | Identified the +2 leather armour of Analysis {MR+} (You
                  | found it on level 10 of the Dungeon)
 12265 | D:3      | Killed protoss039's ghost
 12415 | D:7      | Killed a two-headed ogre
 12431 | D:7      | Killed p0werm0de's ghost
 12639 | D:8      | Killed Rayvis's ghost
 12646 | D:8      | Reached skill level 10 in Throwing
 12834 | Lair:1   | Entered Level 1 of the Lair of Beasts
 13981 | Lair:1   | Identified the +11 rapier of Integrity {venom, Int+5} (You
                  | found it on level 10 of the Dungeon)
 14088 | Lair:2   | Found a staircase to the Shoals.
 14177 | Lair:2   | Found a hole to the Spider Nest.
 15173 | Lair:3   | Noticed Rupert
 15189 | Lair:3   | Killed Rupert
 15189 | Lair:3   | Reached skill level 17 in Axes
 15189 | Lair:3   | Reached XP level 13. HP: 107/107 MP: 15/15
 16525 | Lair:4   | Found a runed translucent door.
 16527 | Lair:4   | Noticed LohmatiyShmel's ghost (journeyman GnTm)
 16686 | Lair:4   | Reached skill level 18 in Axes
 17615 | Lair:5   | Reached skill level 19 in Axes
 18692 | Lair:6   | Entered Level 6 of the Lair of Beasts
 18912 | Lair:6   | Reached skill level 20 in Axes
 18926 | Lair:6   | Reached XP level 14. HP: 115/115 MP: 16/16
 18960 | Lair:6   | Reached skill level 5 in Evocations
 19134 | Lair:6   | Found a staircase to the Slime Pits.
 20000 | Lair:6   | Found a runed translucent door.
 20044 | Lair:6   | Received a gift from Trog
 21475 | Orc:1    | Entered Level 1 of the Orcish Mines
 21505 | Orc:1    | Received a gift from Trog
 22584 | Orc:2    | Entered Level 2 of the Orcish Mines
 22586 | Orc:2    | Found Loadoppa's General Store.
 22687 | Orc:2    | Reached skill level 10 in Fighting
 22694 | Orc:2    | Reached XP level 15. HP: 108/126 MP: 20/20
 22713 | Orc:2    | Received a gift from Trog
 22894 | Orc:2    | Noticed Urug
 22946 | Orc:2    | Noticed Nessos
 23125 | Orc:1    | Killed Urug
 23280 | Orc:2    | Found a staircase to the Elven Halls.
 23493 | Orc:2    | Found Teomniph's Magic Scroll Shoppe.
 23495 | Orc:2    | Found Atioss's Antique Armour Shop.
 23530 | Orc:2    | Found Cotot's Distillery.
 23534 | Orc:2    | Bought a crude cloak for 323 gold pieces
 23534 | Orc:2    | Identified the cursed +0 cloak of the Wary Wonders {Slay+3}
                  | (You bought it in a shop on level 2 of the Orcish Mines)
 23661 | Orc:2    | Killed Nessos
 23815 | Orc:2    | Found a roughly hewn altar of Beogh.
 24219 | D:12     | Noticed Nergalle
 24231 | D:12     | Killed Nergalle
 24737 | D:13     | Received a gift from Trog
 24960 | D:13     | Reached skill level 10 in Armour
 25152 | D:13     | Reached skill level 10 in Dodging
 25572 | D:14     | Found a flickering gateway to a bazaar.
 25599 | Bazaar   | Entered a bazaar
 25604 | Bazaar   | Found Vuevoick's Gadget Shoppe.
 25606 | Bazaar   | Found Hixzaux's Weapon Boutique.
 25642 | Bazaar   | Found Zoixas's Food Emporium.
 25650 | Bazaar   | Found Resin's Weapon Shop.
 25699 | Bazaar   | Bought a box of beasts for 280 gold pieces
 25973 | D:14     | Found a gate to the Vaults.
 26509 | D:14     | Reached ****** piety under Trog
 26873 | D:14     | Reached skill level 10 in Evocations
 26983 | D:15     | Entered Level 15 of the Dungeon
 26995 | D:15     | Reached XP level 16. HP: 139/139 MP: 22/22
 27105 | D:15     | Received a gift from Trog
 27420 | D:15     | Found a staircase to the Depths.
 27523 | D:15     | Found a roughly hewn altar of Beogh.
 27876 | Spider:1 | Entered Level 1 of the Spider Nest
 28054 | Spider:1 | Received a gift from Trog
 29193 | Spider:2 | Noticed Frances
 29202 | Spider:2 | Killed Frances
 29233 | Spider:2 | Found a frozen archway.
 29275 | IceCv    | Entered an ice cave
 29857 | IceCv    | Noticed an Ice Fiend
 29864 | IceCv    | Killed an Ice Fiend
 30160 | Spider:2 | Received a gift from Trog
 30730 | Spider:2 | Reached XP level 17. HP: 150/150 MP: 25/25
 32346 | Spider:4 | Entered Level 4 of the Spider Nest
 32547 | Spider:4 | Received a gift from Trog
 32955 | Spider:4 | Reached skill level 15 in Fighting
 33412 | Spider:4 | Received a gift from Trog
 33415 | Spider:4 | Paralysed by a hornet for 2 turns
 33649 | Spider:4 | Reached skill level 21 in Axes
 33676 | Spider:4 | Got a gossamer rune of Zot
 33841 | Lair:4   | Killed LohmatiyShmel's ghost
 33927 | Shoals:1 | Entered Level 1 of the Shoals
 33927 | Shoals:1 | Noticed Jorgrun
 33933 | Shoals:1 | Killed Jorgrun
 34414 | Shoals:1 | Noticed Kirke
 34437 | Shoals:1 | Killed Kirke
 35096 | Shoals:2 | Noticed Ilsuiw
 35143 | Shoals:2 | Killed Ilsuiw
 35143 | Shoals:2 | Reached skill level 22 in Axes
 35143 | Shoals:2 | Reached XP level 18. HP: 107/163 MP: 26/26
 35463 | Shoals:2 | Found Xica's Jewellery Shop.
 35512 | Shoals:2 | Noticed Nikola
 35519 | Shoals:2 | Killed Nikola
 35607 | Shoals:2 | You fall into a shaft and drop 1 floor!
 35668 | Shoals:2 | Noticed Polyphemus
 35688 | Shoals:2 | Killed Polyphemus
 36750 | Shoals:3 | Noticed Bai Suzhen
 36762 | Shoals:3 | Killed Bai Suzhen
 36762 | Shoals:3 | Reached skill level 23 in Axes
 37130 | Shoals:4 | Entered Level 4 of the Shoals
 37226 | Shoals:4 | Got a vibrating gossamer ring
 37228 | Shoals:4 | Identified the ring of Jaovep {rPois rC+ rN+ Str+4 Dex-2}
                  | (You found it on level 4 of the Shoals)
 37246 | Shoals:4 | Found Nepraesiops's Jewellery Shop.
 37258 | Shoals:4 | Bought the amulet of the Four Winds {rN+ MR+++ Clar} for
                  | 878 gold pieces
 37258 | Shoals:4 | Bought an uncursed ring of protection from fire for 500
                  | gold pieces
 37258 | Shoals:4 | Bought an uncursed ring of resist corrosion for 400 gold
                  | pieces
 37258 | Shoals:4 | Found the amulet of the Four Winds {rN+ MR+++ Clar}
 37407 | Shoals:4 | HP: 7/163 [merfolk javelineer/javelin (7)]
 37410 | Shoals:4 | Hit by a javelin thrown by a merfolk javelineer

Illustrated notes

Levels and vault maps discovered:
D:1:      minmay_arrival_four_houses, layout_basic, minmay_pentomino_z4
D:2:      layout_rooms, eat_drink_and_be_merry_uskayaw, lemuel_round_altar,
          kennysheep_generic_room_9
D:3:      layout_basic, grunt_temple_overflow_champion_of_chaos, serial_glass,
          glass_columns_a, glass_columns_a, glass_columns_c, glass_columns_c,
          glass_columns_b, glass_columns_b, ebering_ghost_disaster_area,
          kennysheep_big_empty_room, minmay_unequal
D:4:      layout_cave_pools, lemuel_coloured_pillars_altar, marbit_many_paths,
          minmay_temple_entry_large_hall, serial_shops, kennysheep_little_box,
          first_ration, kennysheep_decorative_pillar, kennysheep_boxes,
          uniq_ijyb, uniq_duvessa
D:5:      layout_loops_cross, glass_columns_c, uniq_prince_ribbit1,
          uniq_grinder, uniq_menkaure, uniq_pikel
D:6:      cheibrodos_fertilizer, layout_cave_pools, nicolae_lava_and_water,
          minmay_crystal_room, kennysheep_cross_room, uniq_maggie
D:7:      layout_basic, kennysheep_mini, gammafunk_ghost_smash,
          chequers_serial_rivers_marsh, grunt_ogre_cave
D:8:      layout_basic, gammafunk_ghost_icy, serial_park_tiny_2
D:9:      layout_cave_pods, chequers_mini_garden
D:10:     minmay_the_grid_triangle_9x9_recursive_2_mashed
          [minmay_the_grid_triangle_9x9_prize_insulated,
          minmay_the_grid_triangle_9x9_limited_checkers,
          minmay_the_grid_triangle_9x9_subtriangle,
          minmay_the_grid_triangle_9x9_dagger], layout_loops_ring,
          dpeg_lair_monsters, grunt_ministairs_6
D:11:     layout_roguey, erik_orc_1, special_room [special_room_orc],
          gammafunk_ghost_arena
D:12:     layout_basic, evilmike_butchery, uniq_nergalle
D:13:     layout_cave_pools, minivault_29
D:14:     layout_loops_corners, erik_vaults_2, palyth_stone_intersect,
          serial_shops, bzr_entry_lakeside
D:15:     hangedman_depths_entry_civil_slaughter, layout_basic, special_room
          [special_room_orc], minivault_8
Temple:   regret_index_temple_waves
Lair:1:   layout_concentric_octagons, st_stairs_12, infiniplex_staircase_pool
Lair:2:   layout_chaotic_city, shoals_dummy_entry, spider_nest_entry_a,
          chequers_serial_rivers_large_b
Lair:3:   layout_cave_pods, grunt_megastairs_4, lemuel_fruit_tree, uniq_rupert
Lair:4:   layout_roguey, ebering_ghost_inner_flame, kennysheep_rathole
Lair:5:   layout_long_grid, st_stairs_8, bobbens_ice_dragon_lair,
          grunt_megastairs_3, serial_bayou_shore_b
Lair:6:   wormcave, layout_regular_city, hangedman_lair_caniforms_friends,
          minmay_slime_entry_pillars, minmay_lair_oklob_chamber,
          infiniplex_staircase_pool_2
Shoals:1: layout_shoals, dpeg_stationary_puzzle, uniq_kirke, uniq_jorgrun
Shoals:2: layout_shoals, serial_shops,
          nicolae_shop_temple_entry_statues_fountains,
          nicolae_shoals_hunting_party, uniq_polyphemus, uniq_nikola,
          uniq_ilsuiw
Shoals:3: cheibrodos_shoals_roost, layout_shoals, uniq_bai_suzhen
Shoals:4: shoals_end_simple, layout_shoals, serial_shops,
          nicolae_shop_temple_entry_statues_fountains
Spider:1: layout_spider_delve
Spider:2: layout_spider_delve, portal_ice_cave_entry_ice_statue_one,
          nicolae_spider_webbed_stairs, uniq_frances
Spider:3: layout_spider_delve, hangedman_spider_mandibles, nicolae_crawler_farm
Spider:4: spider_rune_water, drop_trap, einodemon_crawler_minivault
Orc:1:    cheibrodos_orc_guarddog, layout_diamond_mine, guppyfry_library_mini
Orc:2:    st_orc_open, layout_caves, david_defended_altar_orc, uniq_nessos,
          uniq_urug

Skill      XL: |  1  2  3  4  5  6  7  8  9 10 11 12 13 14 15 16 17 18 |
---------------+-------------------------------------------------------+-----
Axes           | 4 5 6 7 8 10 11 13 16 17 20 22 23 | 23.6
Fighting       | 4 7 8 10 12 13 15 | 15.0
Shields        | 1 4 6 8 |  8.0
Evocations     | 3 4 8 10 12 | 12.0
Armour         | 5 6 8 10 11 12 | 12.0
Dodging        | 4 6 8 10 11 12 | 12.0
Throwing       | 8 12 | 12.0

Action                   |  1- 3 |  4- 6 |  7- 9 | 10-12 | 13-15 | 16-18 || total
-------------------------+-------+-------+-------+-------+-------+-------++-------
Melee: Hand axe          |    82 |   132 |     2 |       |       |       ||   216
       Headbutt          |    19 |    21 |    39 |   141 |   295 |   260 ||   775
       Unarmed           |       |    12 |       |       |       |       ||    12
       War axe           |       |       |   225 |   663 |   655 |       ||  1543
       Broad axe         |       |       |       |       |   427 |   976 ||  1403
Throw: Boomerang         |       |       |     1 |     6 |    49 |   127 ||   183
Invok: Berserk           |       |     4 |     8 |    10 |     7 |     9 ||    38
       Trog's Hand       |       |     3 |     1 |     6 |     9 |    13 ||    32
       Brothers in Arms  |       |       |       |     4 |     5 |    12 ||    21
Evoke: Wand              |       |       |     1 |       |    14 |     4 ||    19
       Tin of tremorston |       |       |       |       |     6 |       ||     6
  Use: Scroll            |     7 |     6 |     7 |    13 |    12 |     9 ||    54
       Potion            |       |     1 |       |       |     1 |     3 ||     5
 Stab: Distracted        |       |       |       |     1 |       |     2 ||     3
       Paralysed         |       |       |       |       |     2 |       ||     2
       Petrified         |       |       |       |       |       |     5 ||     5
       Petrifying        |       |       |       |       |       |     3 ||     3
  Eat: Chunk             |     1 |     7 |    13 |    35 |    41 |    40 ||   137
       Ration            |       |     2 |     1 |     1 |     3 |     3 ||    10
Armor: Animal skin       |     5 |       |       |       |       |       ||     5
       Plate armour      |    74 |    76 |    86 |       |       |       ||   236
       Skin              |       |     2 |       |       |       |       ||     2
       Pearl dragon scal |       |       |    15 |   161 |   366 |   477 ||  1019
Dodge: Dodged            |    36 |    36 |    32 |   170 |   341 |   510 ||  1125
Block: Kite shield       |       |    18 |    53 |   245 |   519 |   648 ||  1483
       Reflection        |       |       |       |       |       |    17 ||    17
